 Dungeon Crawl Stone Soup version 0.30-a0-859-gf88a04b62d (webtiles) character file.

Game seed: 14668800110000424386

55 testman the Magician (level 4, -6/30 HPs)
             Began as a Human Wanderer on Mar 6, 2023.
             Was an Initiate of Gozag.
             Mangled by a worm (8 damage)
             ... on level 2 of the Dungeon.
             The game lasted 00:05:53 (1028 turns).

testman the Magician (Human Wanderer)               Turns: 1028, Time: 00:05:54

Health: -6/30      AC:  5    Str: 10    XL:     4   Next: 14%
Magic:  11/11      EV: 11    Int: 19    God:    Gozag
Gold:   156        SH:  0    Dex: 10    Spells: 11/13 levels left

rFire   . . .      SeeInvis .    a - +0 dagger
rCold   . . .      Faith    .    (no shield)
rNeg    . . .      Spirit   .    d - +0 robe
rPois   .          Reflect  .    n - +0 helmet
rElec   .          Rampage  .    b - +0 cloak
rCorr   .                        (no gloves)
Will    .....                    l - +0 pair of boots
Stlth   ++                       (no amulet)
HPRegen 0.25/turn                k - ring of flight
MPRegen 0.12/turn                (no ring)

@: gold aura, flying
A: no striking features
a: Renounce Religion, Potion Petition, Call Merchant, Bribe Branch


You were on level 2 of the Dungeon.
You worshipped Gozag.
Gozag was aware of your devotion.
You visited 1 branch of the dungeon, and saw 2 of its levels.

You collected 156 gold pieces.

Inventory:

Hand Weapons
 a - a +0 dagger (weapon)
Missiles
 m - 4 poisoned darts
Armour
 b - a +0 cloak (worn)
 d - a +0 robe (worn)
 l - a +0 pair of boots (worn)
 n - a +0 helmet (worn)
Jewellery
 k - a ring of flight (left hand)
Scrolls
 c - a scroll of fear
 f - 2 scrolls of identify {unknown}
 g - a scroll of magic mapping {unknown}
 i - a scroll of immolation {unknown}
 j - a scroll of amnesia {unknown}
Potions
 e - a potion of curing
 h - a potion of might {unknown}


   Skills:
 + Level 1.8 Short Blades
 - Level 1.0 Dodging
 - Level 2.0 Stealth
 - Level 5.0 Spellcasting
 - Level 0.6 Necromancy
 + Level 2.4 Fire Magic
 - Level 1.0 Evocations


You had 11 spell levels left.
You knew the following spells:

 Your Spells              Type           Power      Damage    Failure   Level
a - Necrotise             Necr           28%        1d5       10%         1
b - Foxfire               Conj/Fire      36%        2x1d5     8%          1

Your spell library contained the following spells:

 Spells                   Type           Power      Damage    Failure   Level
 Ensorcelled Hibernation  Hex/Ice        8%         N/A       19%         2
 Vampiric Draining        Necr           7%         2d6       28%         3


Dungeon Overview and Level Annotations

Branches:
Dungeon (2/15)

Altars:
Gozag


Message History

The worm bites you. The endoplasm freezes you.
You are frozen.
You hit the endoplasm.
You kill the endoplasm!
You barely miss the giant cockroach.
The giant cockroach bites you but does no damage.
The worm bites you!
* * * LOW HITPOINT WARNING * * *
The giant cockroach barely misses you.
You hit the giant cockroach.
The giant cockroach is heavily wounded.
The giant cockroach barely misses you. The worm bites you.
* * * LOW HITPOINT WARNING * * *
You hit the giant cockroach.
The giant cockroach is severely wounded.
The giant cockroach bites you.
* * * LOW HITPOINT WARNING * * *
You hit the giant cockroach.
The giant cockroach is almost dead.
The giant cockroach bites you but does no damage.
The worm bites you.
* * * LOW HITPOINT WARNING * * *
You barely miss the giant cockroach.
The giant cockroach is almost dead.
The giant cockroach bites you.
* * * LOW HITPOINT WARNING * * *
You completely miss the giant cockroach.
The giant cockroach is almost dead.
The giant cockroach bites you but does no damage.
The worm misses you.
You closely miss the giant cockroach.
The giant cockroach is almost dead.
The giant cockroach bites you.
* * * LOW HITPOINT WARNING * * *
You hit the giant cockroach.
You kill the giant cockroach!
The worm bites you!
You die...
Your body crumbles into a pile of gold. $ # #.#######..# #...w@$....# #########.##

You could see a worm.

Vanquished Creatures
  A jelly (D:1)
  2 ball pythons (D:1)
  3 bats (D:1)
  2 endoplasms
  3 giant cockroaches
  2 goblins (D:1)
  A hobgoblin (D:1)
  4 jackals
  A frilled lizard (D:1)
  5 rats (D:1)
24 creatures vanquished.

Vanquished Creatures (others)
  19 foxfires (D:1)
19 creatures vanquished.

Grand Total: 43 creatures vanquished

Notes
Turn   | Place    | Note
-------+----------+-------------------------------------------
     0 | D:1      | testman the Human Wanderer began the quest for the Orb.
     0 | D:1      | testman set off with the following items: a +0 dagger, a +0
                  | cloak, a scroll of fear, a +0 robe, a potion of curing; and
                  | the following spells available to memorise: Foxfire,
                  | Necrotise, Ensorcelled Hibernation, Vampiric Draining.
     0 | D:1      | Reached XP level 1. HP: 13/13 MP: 6/6
     2 | D:1      | Learned a level 1 spell: Necrotise
     3 | D:1      | Found a runed translucent door.
     4 | D:1      | Noticed a jelly
    61 | D:1      | Found a faded altar of an unknown god.
    74 | D:1      | Prayed at the altar of an unknown god.
    74 | D:1      | Became a worshipper of Gozag Ym Sagoz the Greedy
    77 | D:1      | Learned a level 1 spell: Foxfire
   172 | D:1      | Reached skill level 1 in Fire Magic
   177 | D:1      | Reached XP level 2. HP: 19/19 MP: 6/8
   847 | D:1      | Reached skill level 1 in Short Blades
   847 | D:1      | Reached XP level 3. HP: 11/24 MP: 5/9
   854 | D:1      | Reached XP level 4. HP: 4/30 MP: 3/11
  1028 | D:2      | Mangled by a worm

Illustrated notes

Levels and vault maps discovered:
D:1:      dpeg_arrival_caged_fury, layout_basic,
          shapermc_ecumenical_altar_mp_urbaneastern, minmay_fountain_box,
          corner_web_ring
D:2:      layout_loops_ring, serial_shops, nicolae_square_shop, minivault_23

Skill      XL: |  1  2 |
---------------+-------+-----
Fire Magic     | 1 2 |  2.4
Short Blades   | 1 |  1.8
Dodging        | |  1.0
Stealth        | |  2.0
Spellcasting   | |  5.0
Necromancy     | |  0.6
Evocations     | |  1.0

Action                     |  1- 3 |  4- 6 || total
---------------------------+-------+-------++-------
  Melee: Dagger            |    47 |    37 ||    84
   Cast: Foxfire           |    11 |       ||    11
         Necrotise         |     2 |       ||     2
   Stab: Distracted        |     1 |       ||     1
 Armour: Robe              |    30 |    18 ||    48
  Dodge: Dodged            |    37 |    33 ||    70

Table legend: (Time is in decaauts)
 A = Elapsed time spent in this place.
 B = Non-inter-level travel time spent in this place.
 C = Inter-level travel time spent in this place.
 D = Time resting spent in this place.
 E = Time spent auto-exploring this place.
 F = Levels seen in this place.
 G = Mean time per level.
                   A        B        C        D        E       F      G
               +--------+--------+--------+--------+--------+-----+--------+
         Total |   1026 |    971 |     55 |    116 |    622 |   2 |  513.0 |
       Dungeon |   1026 |    971 |     55 |    116 |    622 |   2 |  513.0 |
               +--------+--------+--------+--------+--------+-----+--------+

Top non-repeatable levels by time:
     D:1: 862 daAuts
     D:2: 163 daAuts
